 Dungeon Crawl Stone Soup version 0.20.1-1-g8b1a95d (webtiles) character file.

139185 letownia2 the Severer (level 16, -12/130 HPs)
             Began as a Deep Dwarf Necromancer on Dec 28, 2017.
             Was an Initiate of Gozag.
             Killed from afar by Nikola (30 damage)
             ... with a chain lightning
             ... on level 3 of the Swamp.
             The game lasted 02:10:41 (29045 turns).

letownia2 the Severer (Deep Dwarf Necromancer)     Turns: 29045, Time: 02:10:42

Health: -12/130    AC: 24    Str: 16    XL:     16   Next: 73%
Magic:  21/31      EV: 11    Int: 24    God:    Gozag
Gold:   2012       SH:  0    Dex: 13    Spells: 5/37 levels left

rFire    x . .     SeeInvis .   a - +3 demon trident (elec)
rCold    + + .     Gourm    .   (no shield)
rNeg     + . .     Faith    .   U - +4 ice dragon scales of Zin's Favour {rPois rF- rC++}
rPois    +         Spirit   .   I - +2 hat {MR+}
rElec    .         Reflect  .   W - +1 cloak
rCorr    .         Harm     .   (no gloves)
MR       +++..                  L - +1 pair of boots
Stlth    ..........             M - amulet of rage
Regen    0.0/turn               s - +5 ring of intelligence
MPRegen  0.3/turn               m - +3 ring of slaying

@: gold aura, non-regenerating, very slow
A: damage resistance, heal wounds, negative energy resistance 1, sense
surroundings 2, no regeneration
a: Heal Wounds, Potion Petition, Call Merchant, Bribe Branch, Renounce Religion,
Evoke Berserk Rage


You were on level 3 of the Swamp.
You worshipped Gozag.
Gozag was most pleased with you.
You were full.

You visited 5 branches of the dungeon, and saw 27 of its levels.
You also visited: Labyrinth, Sewer, Bailey, Ice Cave and Volcano.

You collected 8755 gold pieces.
You spent 76 gold pieces at shops.
You paid 6667 gold pieces to Gozag.

Inventory:

Hand Weapons
 a - a +3 demon trident of electrocution (weapon)
 b - the +8 war axe of Nemm {speed, rN+ MR- Dex+2}
   (You found it in an ice cave)

   Attacks with this weapon are significantly faster.
   It affects your dexterity (+2).
   It protects you from negative energy.
   It affects your resistance to hostile enchantments.
 f - a +3 arbalest of flaming
 x - a +0 blowgun
 T - a +3 executioner's axe of flaming
Missiles
 A - 131 bolts
 Z - 3 curare-tipped needles
Armour
 B - the +2 cloak of Efeigav {rC+++ rN+ MR+ MP-9}
   (You found it on level 13 of the Dungeon)

   It renders you almost immune to cold.
   It protects you from negative energy.
   It affects your resistance to hostile enchantments.
   It affects your magic capacity (-9).
 D - a +1 large shield of reflection
 I - a +2 hat of magic resistance (worn)
 L - a +1 pair of boots (worn)
 U - the +4 ice dragon scales of Zin's Favour (worn) {rPois rF- rC++}
   (You found it in an ice cave)

   It makes you vulnerable to fire.
   It greatly protects you from cold.
   It protects you from poison.
 W - a +1 cloak (worn)
Magical Staves
 d - an uncursed staff of death
 C - an uncursed staff of fire
Jewellery
 i - an uncursed ring of protection from magic
 m - a +3 ring of slaying (right hand)
 s - a +5 ring of intelligence (left hand)
 M - an amulet of rage (around neck)
 S - an uncursed ring of protection from cold
Wands
 n - a wand of paralysis (6/24)
 o - a wand of lightning (4/15)
 u - a wand of digging (6/24)
 w - a wand of digging (7/24)
 H - a wand of disintegration (10/24)
 Q - a wand of flame (14/48)
Scrolls
 e - 3 scrolls of remove curse
 t - 3 scrolls of immolation
 y - a scroll of summoning
 F - 4 scrolls of teleportation
 J - 4 scrolls of recharging
 V - 4 scrolls of fog
 Y - 2 scrolls of holy word
Potions
 g - 4 potions of mutation
 h - 4 potions of berserk rage
 j - 3 potions of brilliance
 k - 7 potions of curing
 l - 5 potions of might
 r - 4 potions of lignification
 v - 4 potions of haste
 z - 3 potions of flight
 E - 2 potions of resistance
 G - 4 potions of cancellation
 K - 8 potions of heal wounds
 N - 3 potions of agility
 P - a potion of invisibility
 R - a potion of ambrosia
Miscellaneous
 p - a lightning rod (4/4)
 q - a lamp of fire
 O - a phial of floods
Comestibles
 c - 10 bread rations
 X - 26 fruits


   Skills:
 + Level 5.2 Fighting
 + Level 16.5 Axes
 - Level 4.2 Crossbows
 - Level 10.8 Armour
 - Level 4.0 Dodging
 - Level 2.4 Stealth
 - Level 11.2 Spellcasting
 - Level 3.4 Conjurations
 - Level 2.3 Hexes
 - Level 3.3 Charms
 - Level 13.2 Necromancy
 - Level 4.5 Translocations
 - Level 3.1 Fire Magic
 - Level 4.4 Air Magic
 - Level 3.0 Poison Magic
 - Level 7.5 Evocations


You had 5 spell levels left.
You knew the following spells:

 Your Spells              Type           Power        Failure   Level  Hunger
a - Pain                  Necr           ####         1%          1    None
b - Blink                 Tloc           N/A          3%          2    None
c - Conjure Flame         Conj/Fire      ####....     12%         3    None
e - Mephitic Cloud        Conj/Pois/Air  ####....     11%         3    None
i - Silence               Hex/Air        ####......   73%         5    ####...
j - Portal Projectile     Hex/Tloc       ####..       12%         3    None
p - Poisonous Vapours     Pois/Air       ####..       5%          2    None
s - Swiftness             Chrm/Air       ####....     4%          2    None
t - Shroud of Golubria    Chrm/Tloc      ####......   4%          2    None
v - Vampiric Draining     Necr           ######....   1%          3    None
x - Spectral Weapon       Hex/Chrm       ####....     14%         3    None
I - Inner Flame           Hex/Fire       ####....     16%         3    None


Dungeon Overview and Level Annotations

Branches:
Dungeon (15/15)            Temple (1/1) D:6            Lair (6/6) D:9
  Swamp (3/4) Lair:3        Slime (0/5) Lair:5          Orc (2/2) D:11
    Elf (0/3) Orc:2        Vaults (0/5) D:13         Depths (0/5) D:15
  Snake: Lair:2-4    Spider: Lair:2-4

Altars:
Ashenzari
Dithmenos
Fedhas
Gozag
Hepliaklqana
Kikubaaqudgha
Makhleb
Nemelex Xobeh
Okawaru
Qazlal
Ru
Sif Muna
Trog
Vehumet
Xom
Yredelemnul
Beogh

Shops:
D:6 =   D:15 *   Orc:1 }*(   Orc:2 [*(}   Lair:1 *[:[   Lair:2 ([[

Annotations:
D:4 1 exclusion, Pikel
D:5 OnekoMk1's ghost, novice DEAE
D:10 5 runed doors
Lair:5 exclusion: oklob plant
Swamp:3 Nikola


Innate Abilities, Weirdness & Mutations

You are resistant to damage.
You can heal yourself by infusing magical energy.
You resist negative energy. (rN+)
You passively map the area around you.
You do not regenerate.


Message History

Press: ? - help, Shift-Dir - straight line, f - you
Okay, then.
Nikola casts a spell.
Nikola blinks!
Nikola points at you and mumbles some strange words.
The bolt of lightning hits you!
* * * LOW HITPOINT WARNING * * *
Nikola casts a spell.
Nikola blinks!
Unknown command.
Unknown command.
Nikola says, "You don't look like a good insulator."
You see here a ring mail.
You enter the shallow water.
Moving in this stuff is going to be slow.
Nikola gestures wildly while chanting.
You hear a mighty clap of thunder!
The lightning arc hits you!
You die...
Your body crumbles into a pile of gold.

≈ ≈ ♣≈♣ *♣♣♣ ≈ ♣≈♣♣♣♣♣♣.♣♣
≈≈, ♣..♣§♣≈≈..♣ ≈≈ , ≈ **
♣♣....≈≈...♣ , ≈ ,
♣♣≈≈....≈...♣ ≈ ≈ ≈
♣.≈≈.≈≈.♣§≈.♣ *
♣♣♣♣♣♣..♣≈≈≈♣♣≈.♣♣ ≈ ,
*♣.<≈♣[.≈≈≈.§♣♣≈..♣ ≈ ≈ ≈≈
,♣...@≈...≈.......♣
≈≈≈§≈.♣≈≈♣♣...@.....§...≈≈ ≈
,≈..≈≈≈≈.♣♣≈§......♣.....≈..
,,
.≈≈≈≈≈....≈...............
**≈..≈≈≈≈.....##......#.#...
$
*♣.....§≈≈...###...§.###...
♣♣≈≈.♣......♣*.....## #..
♣.≈≈≈..............# . ,
≈♣...... ,###... ,,,


You could see Nikola.

Vanquished Creatures
  Saint Roka (Orc:2)
  Gastronok (D:11)
  An orc warlord (Orc:2)
  Louise (Swamp:1)
  A dire elephant (Lair:6)
  An ettin (Orc:1)
  Snorg (D:11)
  A minotaur (Lab)
  Erolcha (D:9)
  Josephine (D:11)
  6 hydras
  Fannar (Lair:3)
  The ghost of OnekoMk1 the Eclecticist, a journeyman DEAE of Vehumet (IceCv)
  A catoblepas (Lair:6)
  3 centaur warriors
  A ghost crab (Swamp:2)
  11 two-headed ogres
  An ogre mage (D:15)
  A tengu warrior (D:13)
  A deep troll shaman (Lair:6)
  4 death yaks (Lair:6)
  3 orc high priests
  5 skeletal warriors (D:12)
  A spriggan druid (Swamp:1)
  A death drake (shapeshifter) (D:13)
  5 wizards (Volcano)
  3 unseen horrors
  7 orc knights
  A lindwurm (Lair:6)
  3 deep elf magi
  5 manticores
  10 ugly things
  4 orc sorcerers
  7 cyclopes
  4 toenail golems (Volcano)
  21 elephants
  6 black mambas
  A black mamba (shapeshifter) (D:13)
  3 centaur zombies
  2 gargoyles
  3 ice statues (IceCv)
  8 spiny frogs
  3 komodo dragons
  A kobold demonologist (D:15)
  A rime drake (Lair:6)
  5 trolls
  A troll (shapeshifter) (D:10)
  A meliai (shapeshifter) (D:13)
  2 polar bears (Lair:6)
  A polar bear (shapeshifter) (D:11)
  A hornet (D:10)
  17 slime creatures
  7 hippogriffs
  4 dream sheep
  Eustachio (D:4)
  2 shadows
  A wyvern (D:13)
  4 wraiths (D:11)
  15 yaks
  A steam dragon (D:9)
  6 vampire mosquitoes
  2 basilisks
  Grum (D:9)
  A hungry ghost (D:13)
  Menkaure (D:6)
  2 swamp worms (Swamp:2)
  4 wargs
  8 water moccasins
  Duvessa (D:4)
  5 porcupines
  2 slaves (D:4)
  48 orc warriors
  2 swamp drakes
  3 black bears
  2 eyes of draining
  2 phantoms
  13 ice beasts
  A sky beast (D:8)
  8 wolves
  19 ogres
  A necrophage (D:6)
  10 crocodiles
  22 centaurs
  12 bullfrogs
  4 big kobolds
  A gnoll sergeant (D:9)
  Dowan (D:4)
  2 scorpions
  15 killer bees
  4 wights
  8 crimson imps
  4 jellies
  A gnoll shaman (D:9)
  6 hounds
  2 bullfrog skeletons (D:11)
  5 bullfrog zombies
  21 orc priests
  3 centaur skeletons
  5 iguanas
  27 orc wizards
  5 worker ants
  2 hound skeletons
  Robin (D:2)
  A howler monkey zombie (D:10)
  17 gnolls
  22 adders
  A hound simulacrum (D:10)
  4 shadow imps
  12 white imps
  2 oozes (D:3)
  3 adder skeletons
  5 worms
  4 dart slugs
  7 leopard geckos
  117 orcs
  7 ball pythons
  8 bats
  9 giant cockroaches
  18 goblins
  13 hobgoblins
  14 jackals
  5 quokkas
  A ball python skeleton (D:4)
  8 frilled lizards
  21 kobolds
  5 rats
  2 butterflies (Lair:6)
  5 fungi
816 creatures vanquished.

Vanquished Creatures (collateral kills)
  A fire dragon (D:15)
  A toenail golem (Volcano)
  A vampire (D:15)
3 creatures vanquished.

Vanquished Creatures (others)
  A dancing weapon (Volcano)
  A tyrant leech (Swamp:3)
  A kobold (D:11)
  6 fungi
  2 plants (Lair:6)
11 creatures vanquished.

Grand Total: 830 creatures vanquished

Notes
Turn   | Place    | Note
-------+----------+-------------------------------------------
     0 | D:1      | letownia2 the Deep Dwarf Necromancer began the quest for the Orb.
     0 | D:1      | Reached XP level 1. HP: 15/15 MP: 3/3
   329 | D:2      | Reached XP level 2. HP: 16/22 MP: 3/5
   545 | D:3      | Reached skill level 5 in Necromancy
   565 | D:3      | Found a shattered altar of Ashenzari.
   565 | D:3      | Found a faded altar of an unknown god.
   571 | D:3      | Found an ancient bone altar of Kikubaaqudgha.
   575 | D:3      | Found a sacrificial altar of Ru.
   576 | D:3      | Found a sparkling altar of Nemelex Xobeh.
   683 | D:3      | Reached XP level 3. HP: 12/28 MP: 1/6
   767 | D:3      | Learned a level 3 spell: Vampiric Draining
   802 | D:3      | Found a glowing drain.
   861 | Sewer    | Entered a sewer
  1183 | Sewer    | Reached skill level 1 in Fighting
  1191 | Sewer    | Reached XP level 4. HP: 36/38 MP: 1/7
  1478 | Sewer    | Noticed a bullfrog
  1485 | Sewer    | Killed a bullfrog
  1485 | Sewer    | Reached XP level 5. HP: 32/45 MP: 1/8
  1599 | Sewer    | Got a heavily runed chain mail
  1675 | D:3      | Found a burning altar of Makhleb.
  1761 | D:4      | Noticed an ogre
  1767 | D:4      | Killed an ogre
  1977 | D:4      | Reached XP level 6. HP: 46/52 MP: 5/10
  2150 | D:4      | Got a dazzling leather armour
  2161 | D:4      | Identified the +2 leather armour "Xemeibom" {+Blink rElec Int+4} (You found it on level 4 of the Dungeon)
  2215 | D:4      | Noticed Pikel
  2215 | D:4      | Noticed a slave
  2215 | D:4      | Noticed a slave
  2215 | D:4      | Noticed Dowan
  2216 | D:4      | Noticed a slave
  2629 | D:4      | Noticed Eustachio
  2641 | D:4      | Killed Eustachio
  2641 | D:4      | Reached XP level 7. HP: 40/60 MP: 0/12
  3216 | D:5      | Entered Level 5 of the Dungeon
  3280 | D:5      | Noticed OnekoMk1's ghost (novice DEAE)
  3483 | D:5      | Found a radiant altar of Vehumet.
  3896 | D:5      | Reached XP level 8. HP: 58/67 MP: 5/14
  4106 | D:6      | Reached skill level 10 in Necromancy
  4252 | D:6      | Found a staircase to the Ecumenical Temple.
  4257 | Temple   | Entered the Ecumenical Temple
  4332 | Temple   | Became a worshipper of Gozag Ym Sagoz the Greedy
  4368 | D:6      | Reached skill level 1 in Armour
  4518 | D:6      | Found a radiant altar of Vehumet.
  4602 | D:6      | Noticed Menkaure
  4638 | D:6      | Found Igomar's Jewellery Emporium.
  4841 | D:3      | Reached skill level 5 in Spellcasting
  5041 | D:3      | Found an iron altar of Okawaru.
  5041 | D:3      | Found a bloodstained altar of Trog.
  5094 | D:3      | Found a transporter.
  5102 | D:3      | Found a transporter.
  5111 | D:3      | Found a deep blue altar of Sif Muna.
  5443 | D:2      | Noticed Robin
  5448 | D:2      | Killed Robin
  6328 | D:4      | Noticed Duvessa
  6955 | D:4      | Killed Dowan
  6955 | D:4      | Reached skill level 1 in Evocations
  6956 | D:4      | Killed Duvessa
  7126 | D:6      | Killed Menkaure
  7126 | D:6      | Gained mutation: You passively map the area around you. [Deep Dwarf growth]
  7126 | D:6      | Reached XP level 9. HP: 56/74 MP: 18/18
  7575 | D:7      | Found a stormy altar of Qazlal.
  7666 | D:7      | Identified the +6 chain mail "Sagioxu" {Str+4} (You found it in a sewer)
  8398 | D:7      | Reached skill level 1 in Axes
  8693 | D:8      | Reached skill level 2 in Axes
  8693 | D:8      | Reached skill level 5 in Armour
  8780 | D:7      | Reached XP level 10. HP: 67/84 MP: 14/21
  8976 | D:8      | Learned a level 3 spell: Conjure Flame
  8980 | D:8      | Learned a level 3 spell: Mephitic Cloud
  8983 | D:8      | Learned a level 2 spell: Blink
  9015 | D:8      | Noticed a two-headed ogre
  9034 | D:8      | Killed a two-headed ogre
  9034 | D:8      | Reached skill level 1 in Conjurations
  9034 | D:8      | Reached skill level 1 in Translocations
  9034 | D:8      | Reached skill level 1 in Fire Magic
  9034 | D:8      | Reached skill level 1 in Poison Magic
  9265 | D:8      | Reached skill level 1 in Air Magic
  9269 | D:8      | Found a blossoming altar of Fedhas.
  9760 | D:9      | Noticed Erolcha
  9780 | D:9      | Killed Erolcha
 10085 | D:9      | Noticed Grum
 10098 | D:9      | Learned a level 2 spell: Poisonous Vapours
 10106 | D:9      | Learned a level 5 spell: Silence
 10154 | D:9      | Found a staircase to the Lair.
 10214 | D:9      | Killed Grum
 10324 | D:10     | Entered Level 10 of the Dungeon
 10463 | D:10     | Got a brightly glowing mace
 10464 | D:10     | Identified the +1 mace of Integrity {drain, rElec} (You found it on level 10 of the Dungeon)
 10664 | D:10     | Noticed Sonja
 10670 | D:10     | Noticed Sonja
 10670 | D:10     | Sonja changed into Sonja the shapeshifter
 10671 | D:10     | Noticed Sonja
 10671 | D:10     | Sonja the shapeshifter changed into Sonja the raiju
 10680 | D:10     | Noticed Sonja
 10682 | D:10     | Killed Sonja the troll
 10734 | D:10     | Noticed a two-headed ogre
 10738 | D:10     | Killed a two-headed ogre
 10738 | D:10     | Reached XP level 11. HP: 84/90 MP: 9/22
 10784 | D:10     | Noticed a green ugly thing
 10785 | D:10     | Noticed a seven-headed hydra
 10789 | D:10     | Noticed an orc knight
 10790 | D:10     | Killed a green ugly thing
 10794 | D:10     | Killed a seven-headed hydra
 10857 | D:10     | Killed an orc knight
 10857 | D:10     | Reached skill level 5 in Evocations
 11067 | D:10     | Found a runed door.
 11068 | D:10     | Noticed a four-headed hydra
 11350 | D:10     | Found a runed door.
 11350 | D:10     | Found a runed door.
 11350 | D:10     | Noticed a seven-headed hydra
 11427 | D:10     | Killed an unseen horror
 11526 | D:10     | Found a runed door.
 11562 | D:10     | Found a runed door.
 11635 | Lair:1   | Entered Level 1 of the Lair of Beasts
 11652 | Lair:1   | Bought a scroll labeled QOSAPE VUENAHE for 28 gold pieces
 11718 | Lair:1   | Found a dark tunnel.
 11746 | Volcano  | Entered a volcano
 11748 | Volcano  | Noticed a wizard
 11769 | Volcano  | Killed a wizard
 11833 | Volcano  | Noticed a wizard
 11838 | Volcano  | Noticed a wizard
 11838 | Volcano  | Killed a wizard
 11854 | Volcano  | Killed a wizard
 11854 | Volcano  | Reached skill level 3 in Axes
 11924 | Volcano  | Noticed a wizard
 11926 | Volcano  | Noticed a wizard
 11926 | Volcano  | Killed a wizard
 11937 | Volcano  | Killed a wizard
 12064 | Volcano  | Reached XP level 12. HP: 70/97 MP: 24/24
 12297 | Lair:2   | Reached skill level 4 in Axes
 12425 | D:10     | Noticed a two-headed ogre
 12439 | D:10     | Killed a two-headed ogre
 12439 | D:10     | Reached skill level 1 in Crossbows
 12597 | D:11     | Noticed Snorg
 12609 | D:11     | Noticed Gastronok
 12665 | D:11     | Killed Snorg
 12993 | D:11     | Found a staircase to the Orcish Mines.
 13294 | D:11     | Killed Gastronok
 13294 | D:11     | Reached skill level 5 in Axes
 13393 | D:11     | Noticed Josephine
 13408 | D:11     | Killed Josephine
 13871 | D:12     | Learned a level 3 spell: Portal Projectile
 13875 | D:12     | Learned a level 3 spell: Inner Flame
 13905 | D:12     | Reached skill level 6 in Axes
 14148 | Lair:3   | Noticed Fannar
 14158 | Lair:3   | Killed Fannar
 14158 | Lair:3   | Reached skill level 1 in Hexes
 14560 | D:11     | Reached XP level 13. HP: 78/104 MP: 7/26
 14648 | D:12     | Reached skill level 10 in Armour
 15235 | D:13     | Got a jewelled cloak
 15246 | D:13     | Identified the +2 cloak of Efeigav {rC+++ rN+ MR+ MP-9} (You found it on level 13 of the Dungeon)
 15307 | D:13     | Reached skill level 7 in Axes
 15480 | D:13     | Found a gate to the Vaults.
 15893 | Orc:1    | Entered Level 1 of the Orcish Mines
 15956 | Orc:1    | Found Geshraeva's Gadget Shoppe.
 15977 | Orc:1    | Found a flagged portal.
 16051 | Orc:1    | Noticed an ettin
 16076 | Orc:1    | Killed an ettin
 16256 | Bailey   | Entered a bailey
 17557 | Orc:1    | Found Houhyux's Antique Weapon Emporium.
 17567 | Orc:1    | Found Gaclis's Assorted Antiques.
 17572 | Orc:1    | Bought 3 scrolls labeled XAZ BEFFEOSTRO for 48 gold pieces
 17851 | Orc:2    | Entered Level 2 of the Orcish Mines
 18059 | Orc:2    | Found a labyrinth entrance.
 18069 | Lab      | Entered a labyrinth
 18346 | Lab      | Noticed a minotaur
 18376 | Lab      | Killed a minotaur
 18376 | Lab      | Reached skill level 8 in Axes
 18433 | Lab      | Identified the Tome of Augmentations
 18440 | Lab      | Learned a level 2 spell: Swiftness
 18443 | Lab      | Learned a level 2 spell: Shroud of Golubria
 18709 | Orc:2    | Noticed an orc warlord
 19063 | Orc:2    | Reached skill level 9 in Axes
 19258 | Orc:2    | Found a roughly hewn altar of Beogh.
 19382 | Orc:1    | Reached skill level 10 in Spellcasting
 19583 | Orc:2    | Killed an orc warlord
 19708 | Orc:2    | Found a roughly hewn altar of Beogh.
 19817 | Orc:2    | Found a roughly hewn altar of Beogh.
 19854 | Orc:2    | Learned a level 3 spell: Spectral Weapon
 20001 | Orc:2    | Gained mutation: You resist negative energy. (rN+) [Deep Dwarf growth]
 20001 | Orc:2    | Reached XP level 14. HP: 90/115 MP: 11/28
 20064 | Orc:2    | Found a roughly hewn altar of Beogh.
 20095 | Orc:2    | Found Qesezex's Assorted Antiques.
 20188 | Orc:2    | Found a roughly hewn altar of Beogh.
 20228 | Orc:2    | Found a staircase to the Elven Halls.
 20262 | Orc:2    | Noticed Saint Roka
 20329 | Orc:2    | Found a roughly hewn altar of Beogh.
 20410 | Orc:2    | Found Utsi's Gadget Shoppe.
 20651 | Orc:2    | Reached skill level 10 in Axes
 21007 | Lair:5   | Found a frozen archway.
 21570 | IceCv    | Entered an ice cave
 21570 | IceCv    | Noticed OnekoMk1's ghost (journeyman DEAE)
 21577 | IceCv    | Killed OnekoMk1's ghost
 21781 | IceCv    | Got an ichor-stained spear
 21783 | IceCv    | Identified the +6 spear of Giwne {elec, Str+3 Int-3} (You found it in an ice cave)
 22121 | IceCv    | Got a dazzling war axe
 22122 | IceCv    | Identified the +8 war axe of Nemm {speed, rN+ MR- Dex+2} (You found it in an ice cave)
 22128 | IceCv    | Got spiked ice dragon scales
 22139 | IceCv    | Identified the +4 ice dragon scales of Zin's Favour {rPois rF- rC++} (You found it in an ice cave)
 22315 | Lair:5   | Reached skill level 11 in Axes
 22610 | Lair:6   | Entered Level 6 of the Lair of Beasts
 23022 | Lair:6   | Reached skill level 12 in Axes
 23615 | Lair:6   | Reached skill level 13 in Axes
 23840 | Lair:5   | Found a staircase to the Slime Pits.
 23954 | Lair:5   | Found a shattered altar of Ashenzari.
 24573 | Lair:6   | Reached XP level 15. HP: 102/121 MP: 5/30
 24598 | Lair:6   | Identified a scroll of acquirement
 24830 | Lair:2   | Reached skill level 14 in Axes
 24830 | Lair:2   | Reached XP level 16. HP: 115/128 MP: 31/31
 24938 | Orc:2    | Killed Saint Roka
 25095 | Orc:2    | Found Mucve's Antique Weapon Emporium.
 25097 | Orc:2    | Found a roughly hewn altar of Beogh.
 25101 | Orc:2    | Found Barerch's Antique Armour Shoppe.
 25362 | D:13     | Reached skill level 15 in Axes
 26665 | D:14     | Reached skill level 16 in Axes
 27129 | D:15     | Entered Level 15 of the Dungeon
 28084 | D:15     | Found Kuysatu's General Store.
 28089 | D:15     | Got a warped dagger
 28090 | D:15     | Identified the +10 dagger "Hyire" {pierce, rN+} (You found it on level 15 of the Dungeon)
 28121 | D:15     | Found a staircase to the Depths.
 28563 | Lair:3   | Found a staircase to the Swamp.
 28644 | Swamp:1  | Entered Level 1 of the Swamp
 28660 | Swamp:1  | Noticed Louise
 28686 | Swamp:1  | Killed Louise
 28831 | Swamp:2  | Reached skill level 5 in Fighting
 29032 | Swamp:3  | Noticed Nikola
 29045 | Swamp:3  | Killed from afar by Nikola

Skill      XL: |  1  2  3  4  5  6  7  8  9 10 11 12 13 14 15 16 |
---------------+-------------------------------------------------+-----
Spellcasting   | 2 3 4 6 7 8 9 10 11 | 11.2
Necromancy     | 5 6 7 9 10 11 12 13 | 13.2
Fighting       | 1 2 3 4 5 |  5.2
Armour         | 1 5 6 8 9 10 | 10.8
Evocations     | 2 3 7 |  7.5
Axes           | 2 3 6 9 13 14 16 | 16.5
Conjurations   | 2 3 |  3.4
Translocations | 3 4 |  4.5
Fire Magic     | 3 |  3.1
Poison Magic   | 3 |  3.0
Air Magic      | 2 4 |  4.4
Crossbows      | 4 |  4.2
Hexes          | 1 2 |  2.3
Charms         | 3 |  3.3
Dodging        | 4 |  4.0
Stealth        | |  2.4

Action                   |  1- 3 |  4- 6 |  7- 9 | 10-12 | 13-15 | 16-18 || total
-------------------------+-------+-------+-------+-------+-------+-------++-------
Melee: Mace              |     2 |    48 |   256 |   337 |    80 |       ||   723
       War axe           |       |       |    16 |       |   216 |    21 ||   253
       Battleaxe         |       |       |       |    39 |       |       ||    39
       Glaive            |       |       |       |     1 |       |       ||     1
       Hand axe          |       |       |       |    36 |    62 |       ||    98
       Demon trident     |       |       |       |       |   294 |   254 ||   548
       Staff             |       |       |       |       |    15 |       ||    15
 Fire: Arbalest          |       |       |       |    37 |    70 |     6 ||   113
       Blowgun           |       |       |       |     3 |     2 |     3 ||     8
Throw: Tomahawk          |     3 |       |     2 |       |       |       ||     5
       Javelin           |       |       |     2 |     2 |       |       ||     4
 Cast: Pain              |    61 |    27 |   180 |     6 |    16 |     2 ||   292
       Vampiric Draining |     5 |    21 |    67 |   163 |   338 |   160 ||   754
       Mephitic Cloud    |       |       |       |    10 |    55 |    30 ||    95
       Conjure Flame     |       |       |       |    23 |    36 |    19 ||    78
       Blink             |       |       |       |     2 |    11 |     5 ||    18
       Poisonous Vapours |       |       |       |       |    13 |     3 ||    16
       Inner Flame       |       |       |       |       |     9 |       ||     9
       Portal Projectile |       |       |       |       |       |     1 ||     1
Invok: Call Merchant     |       |       |       |     3 |     3 |     1 ||     7
       Potion Petition   |       |       |       |       |     1 |       ||     1
Evoke: Wand              |       |       |     7 |    12 |    19 |     4 ||    42
       Lamp of fire      |       |       |       |     2 |     2 |       ||     4
       Phial of floods   |       |       |       |     1 |       |     1 ||     2
       Lightning rod     |       |       |       |       |     4 |     4 ||     8
  Use: Scroll            |       |       |     9 |    21 |    12 |     6 ||    48
       Potion            |       |       |       |     2 |     6 |       ||     8
 Stab: Distracted        |       |       |       |     3 |     2 |     3 ||     8
       Confused          |       |       |       |     2 |    27 |     4 ||    33
       Paralysed         |       |       |       |       |     2 |       ||     2
  Eat: Chunk             |     2 |     7 |     9 |       |       |       ||    18
       Meat ration       |       |       |     2 |     2 |     1 |     1 ||     6
       Royal jelly       |       |       |     1 |     2 |     2 |     1 ||     6
       Bread ration      |       |       |       |     1 |     5 |       ||     6
       Fruit             |       |       |       |       |     7 |     9 ||    16
Armor: Robe              |     4 |       |       |       |       |       ||     4
       Ring mail         |     6 |     5 |       |       |       |       ||    11
       Leather armour    |       |    14 |    91 |       |       |       ||   105
       Chain mail        |       |       |   154 |   503 |   246 |       ||   903
       Skin              |       |       |       |       |    48 |       ||    48
       Ice dragon scales |       |       |       |       |   210 |   250 ||   460
Dodge: Dodged            |    14 |    45 |   237 |   288 |   439 |   164 ||  1187
